[Event "Early-Titled-Tuesday-Blitz-April-23-2024"]
[Site "Chess.com"]
[Date "2024.04.23"]
[Round "4"]
[White "RebelJohnny"]
[Black "Abund"]
[Result "0-1"]
[WhiteElo "2591"]
[BlackElo "2809"]
[TimeControl "180+1"]
[EndTime "8:37:57 PDT"]
[Termination "Abund won by resignation"]

1. e4 c6 2. d4 d5 3. Nd2 dxe4 4. Nxe4 Bf5 5. Ng3 Bg6 6. h4 h6 7. Nf3 e6 8. Ne5 Bh7 9. Bd3 Bxd3 10. Qxd3 Nd7 11. f4 Be7 12. Bd2 Nxe5 13. fxe5 Bxh4 14.
O-O-O Bxg3 15. Qxg3 Ne7 16. Qxg7 Rg8 17. Qxh6 Qd5 18.
Bb4 Qxa2 19. Bxe7 Rxg2 0-1

[Event "Early-Titled-Tuesday-Blitz-April-23-2024"]
[Site "Chess.com"]
[Date "2024.04.23"]
[Round "4"]
[White "agustinv04"]
[Black "M1711"]
[Result "0-1"]
[WhiteElo "2488"]
[BlackElo "2693"]
[TimeControl "180+1"]
[EndTime "8:37:57 PDT"]
[Termination "M1711 won by resignation"]

1. d4 d5 2. c4 dxc4 3. Nf3 Nf6 4. Qa4+ Nbd7 5. Qxc4 e6 6. Nc3 a6 7. a4 c5 8. e3 cxd4 9. exd4 Be7 10. Bd3 O-O 11. O-O b5 12. Qb3 b4 13. Ne2 Bb7 14. Ne5 Nxe5 15. dxe5 Nd7 16. Bf4 Nc5 17. Bxh7+ Kxh7 18. Qxb4 Rb8 19. Bg3 Ne4 20. Qe1 Qd2 21. Qb1 Qxe2 22. Re1 Qc4 23. f3 Bb4 24. b3 Qd4+ 0-1

[Event "Early-Titled-Tuesday-Blitz-April-23-2024"]
[Site "Chess.com"]
[Date "2024.04.23"]
[Round "4"]
[White "SaiAgni_98"]
[Black "aljado"]
[Result "1-0"]
[WhiteElo "2472"]
[BlackElo "2154"]
[TimeControl "180+1"]
[EndTime "8:37:57 PDT"]
[Termination "SaiAgni_98 won by resignation"]

1. c4 e5 2. g3 Nf6 3. Bg2 Nc6 4. Nc3 Be7 5. d3 O-O 6. Nf3 d5 7. cxd5 Nxd5 8. O-O Be6 9. Bd2 Nb6 10. Rc1 f6 11. Be3 Qd7 12. a3 Rad8 13. b4 a6 14.
Ne4 Nd5 15. Bc5 Bh3 16. Bxe7 Ncxe7 17. Nc5 Qc8 18. Bxh3 Qxh3 19. Nxb7 e4 20. dxe4 Ne3 21. Qb3+ Kh8 22. Qxe3 Rb8 23. Nc5 Rb5 24. Rfd1 Ng6 25.
Nd7 Rd8 26. Nde5 Rxd1+ 27. Rxd1 Rxe5 28. Rd8+ 1-0

[Event "Early-Titled-Tuesday-Blitz-April-23-2024"]
[Site "Chess.com"]
[Date "2024.04.23"]
[Round "4"]
[White "GlennTipton"]
[Black "ellatambien"]
[Result "0-1"]
[WhiteElo "2509"]
[BlackElo "2705"]
[TimeControl "180+1"]
[EndTime "8:37:58 PDT"]
[Termination "ellatambien won by resignation"]

1. e4 c6 2. d4 d5 3. Nd2 dxe4 4. Nxe4 Nf6 5. Nxf6+ exf6 6. c3 Bd6 7. Bd3 O-O 8. Qc2 Re8+ 9. Ne2 h5 10. O-O h4 11. h3 Nd7 12. c4 Nf8 13. Be3 Bb8 14. Qd2 f5 15. Rae1 Ng6 16. f4 Bc7 17. Nc3 Be6 18. d5 cxd5 19. cxd5 Bxd5 20. Bxf5 Bc4 21. Rf2 Qxd2 22. Rxd2 Bxf4 23. Nd1 Bxa2 24. Bxg6 fxg6 25. Kf2 Bg3+ 0-1

[Event "Early-Titled-Tuesday-Blitz-April-23-2024"]
[Site "Chess.com"]
[Date "2024.04.23"]
[Round "4"]
[White "BozeKat"]
[Black "SilverSwords13"]
[Result "0-1"]
[WhiteElo "2096"]
[BlackElo "2470"]
[TimeControl "180+1"]
[EndTime "8:38:00 PDT"]
[Termination "SilverSwords13 won on time"]

1. d4 d5 2. c4 e6 3. Nc3 Nf6 4. Nf3 Bb4 5. e3 O-O 6. a3 Bxc3+ 7. bxc3 c5 8. Bd3 Nc6 9. O-O dxc4 10. Bxc4 b6 11. Bb2 Na5 12. Be2 Bb7 13. Qa4 Qc7 14.
Rac1 c4 15. Ne5 Rac8 16. Qd1 Rfd8 17. a4 Nb3 18. Rb1 Be4 19. Bxc4 Bxb1 20. Bxb3 Bf5 21. c4 Ne4 22. Qe2 Nd2 23. Qxd2 Qxe5 24. Rd1 Qc7 25.
d5 exd5 26. cxd5 Qd6 27. Qd4 Qg6 28. g3 Bg4 0-1

[Event "Early-Titled-Tuesday-Blitz-April-23-2024"]
[Site "Chess.com"]
[Date "2024.04.23"]
[Round "4"]
[White "Zurability"]
[Black "Artem_Koval"]
[Result "1-0"]
[WhiteElo "2738"]
[BlackElo "2548"]
[TimeControl "180+1"]
[EndTime "8:38:01 PDT"]
[Termination "Zurability won by resignation"]

1. Nf3 d5 2. g3 Nf6 3. Bg2 Bf5 4. O-O e6 5. d3 Be7 6. c4 c6 7. Be3 Nbd7 8. Qb3 Qc7 9. Nc3 O-O 10. Rac1 Bg6 11. cxd5 exd5 12. Nxd5 Nxd5 13. Qxd5 Rfe8 14. Qb3 Bf6 15. Rfe1 Re7 16. Bd4 Bxd4 17. Nxd4 Rae8 18. e4 Qd6 19. Ne2 Nc5 20. Qa3 Rd8 21. Qxc5 Qxc5 22. Rxc5 Rxd3 23. Rc2 Red7 24. Nc3 Rd2 25. Rxd2 Rxd2 26.
Re2 Rd4 27. h3 f6 28. f4 Bf7 29. Kf2 b5 30. Ke3 Rc4 31. Rd2 h5 32. Bf1 Rc5 33.
Kd4 1-0

[Event "Early-Titled-Tuesday-Blitz-April-23-2024"]
[Site "Chess.com"]
[Date "2024.04.23"]
[Round "4"]
[White "Shankland"]
[Black "tusplingher"]
[Result "1-0"]
[WhiteElo "3053"]
[BlackElo "2650"]
[TimeControl "180+1"]
[EndTime "8:38:02 PDT"]
[Termination "Shankland won by checkmate"]

1. e4 c5 2. Nf3 d6 3. d4 cxd4 4.
Nxd4 Nf6 5. Nc3 a6 6. Be2 e5 7.
Nb3 Be7 8. Be3 Be6 9. Qd3 d5 10. exd5 Nxd5 11. O-O-O Nxe3 12. Qxe3 Qc7 13. Bf3 Nd7 14.
Kb1 O-O 15. Rhf1 Nc5 16. Nd5 Bxd5 17. Bxd5 Nxb3 18. axb3 Rad8 19. Rfe1 Bf6 20. c3 b5 21. b4 Rd7 22. Rd3 a5 23. Qc5 axb4 24. Qxb4 Rfd8 25.
Red1 h6 26. Qxb5 Kh8 27. Be4 Rxd3 28. Rxd3 Rb8 29. Qd7 Qb6 30. Rd2 Qc5 31. Qxf7 Qxc3 32. Rd8+ Bxd8 33. Qf8# 1-0

[Event "Early-Titled-Tuesday-Blitz-April-23-2024"]
[Site "Chess.com"]
[Date "2024.04.23"]
[Round "4"]
[White "nekotyanof"]
[Black "Matols"]
[Result "1-0"]
[WhiteElo "2666"]
[BlackElo "2380"]
[TimeControl "180+1"]
[EndTime "8:38:05 PDT"]
[Termination "nekotyanof won by resignation"]

1. e4 c6 2. Nf3 d5 3. exd5 cxd5 4. d4 Nc6 5. Bb5 Bg4 6. h3 Bxf3 7. Qxf3 Nf6 8. O-O e6 9. Re1 Be7 10. c3 O-O 11.
Nd2 a6 12. Bd3 Rc8 13. Nf1 Na5 14. Bf4 Nc4 15. b3 Nd6 16. Rac1 Nde4 17. c4 Bd6 18. Be5 Ba3 19. Rc2 Bb4 20. Rd1 Nc3 21. Bxf6 Qxf6 22. Qxf6 gxf6 23. Rdc1 Ne4 24. Bxe4 dxe4 25. c5 Rfd8 26.
Rc4 Ba3 27. Re1 f5 28. Ne3 b5 29. cxb6 Rxc4 30. Nxc4 Bb4 31. Rc1 Rb8 32. a3 Be7 33. a4 a5 34. Rd1 Kg7 35. d5 Kf6 36. d6 Bd8 37. d7 Ke7 38. Kf1 Rb7 39. Ke2 Rxd7 40. Rxd7+ Kxd7 41. b7 Kc7 42. Nxa5 Kb8 43. Nc6+ 1-0

[Event "Early-Titled-Tuesday-Blitz-April-23-2024"]
[Site "Chess.com"]
[Date "2024.04.23"]
[Round "4"]
[White "AcostaPablo"]
[Black "AlexeiShirov"]
[Result "0-1"]
[WhiteElo "2605"]
[BlackElo "2835"]
[TimeControl "180+1"]
[EndTime "8:38:07 PDT"]
[Termination "AlexeiShirov won on time"]

1. d4 d5 2. c4 c6 3. Nc3 Nf6 4. e3 Nbd7 5. Nf3 e6 6. Bd3 dxc4 7. Bxc4 b5 8. Bd3 Bb7 9. O-O a6 10. a4 b4 11. Ne2 c5 12. b3 cxd4 13. Nfxd4 Nc5 14.
Bc4 Be7 15. Bb2 O-O 16. f3 Qb6 17. Qe1 a5 18. Qg3 g6 19. Qg5 Nd5 20. Qh6 Bf6 21.
Ng3 Rfd8 22. Nh5 gxh5 23. Bxd5 Bg7 24. Qg5 exd5 25. Nf5 Ne6 26. Qg3 f6 0-1

[Event "Early-Titled-Tuesday-Blitz-April-23-2024"]
[Site "Chess.com"]
[Date "2024.04.23"]
[Round "4"]
[White "Fjal"]
[Black "campochess"]
[Result "1-0"]
[WhiteElo "2337"]
[BlackElo "2147"]
[TimeControl "180+1"]
[EndTime "8:38:08 PDT"]
[Termination "Fjal won by resignation"]

1. Nf3 c5 2. g3 Nc6 3. Bg2 g6 4. O-O Bg7 5. d3 d6 6. e4 Nf6 7. Nc3 Nd7 8. a4 a6 9. Nd2 O-O 10. Nc4 Rb8 11. a5 Nde5 12. Nd5 e6 13. Ndb6 Nxc4 14.
Nxc4 Qe7 15. c3 Bd7 16. Bf4 Ne5 17. h4 Bb5 18. h5 Nxc4 19. dxc4 Bxc4 20. Qxd6 Qxd6 21.
Bxd6 Bxf1 22. Kxf1 Rbd8 23. Bxf8 Kxf8 24. Ke2 gxh5 25.
Rh1 e5 26. Rxh5 Kg8 27. Rh1 Rd6 28. f4 b6 29. Rd1 bxa5 30. Rxd6 1-0

[Event "Early-Titled-Tuesday-Blitz-April-23-2024"]
[Site "Chess.com"]
[Date "2024.04.23"]
[Round "4"]
[White "klercaku"]
[Black "RantomOpening"]
[Result "0-1"]
[WhiteElo "2257"]
[BlackElo "2503"]
[TimeControl "180+1"]
[EndTime "8:38:09 PDT"]
[Termination "RantomOpening won by checkmate"]

1. e4 c5 2. Nf3 e6 3. d4 cxd4 4. Nxd4 Nf6 5. Nc3 Nc6 6. Be2 Bb4 7. Nxc6 bxc6 8. Bd3 d5 9. exd5 Nxd5 10. Bd2 Qa5 11. Nxd5 Bxd2+ 12. Qxd2 Qxd2+ 13. Kxd2 cxd5 14. Rhe1 Ke7 15.
f4 Kd6 16. c4 Bb7 17. Kc3 Rac8 18. Rad1 Rhd8 19. g3 f6 20. b3 e5 21. fxe5+ fxe5 22. Bf5 d4+ 23. Kd3 Rc7 24. Rf1 Rf7 25. Be4 Bxe4+ 26.
Kxe4 Rdf8 27. Rxf7 Rxf7 28. Rd2 a5 29. a3 g5 30. b4 axb4 31. axb4 g4 32. c5+ Ke6 33. b5 Rf3 34. Rd3 Rf2 35. Rb3 Re2+ 36. Kd3 Rxh2 37. b6 Kd5 38. Rb2 e4# 0-1

[Event "Early-Titled-Tuesday-Blitz-April-23-2024"]
[Site "Chess.com"]
[Date "2024.04.23"]
[Round "4"]
[White "David_George21"]
[Black "Happy1712Drummer"]
[Result "1-0"]
[WhiteElo "2328"]
[BlackElo "2512"]
[TimeControl "180+1"]
[EndTime "8:38:15 PDT"]
[Termination "David_George21 won by resignation"]

1. e4 c5 2. Nf3 e6 3. d4 cxd4 4. Nxd4 Nf6 5. Nc3 Nc6 6. Ndb5 Bc5 7. Bf4 O-O 8. Bc7 Qe7 9. Bd6 Bxd6 10. Qxd6 Ne8 11.
Qxe7 Nxe7 12. O-O-O a6 13. Nd6 f5 14. Nxc8 Nxc8 15. Rxd7 b5 16. exf5 exf5 17. Be2 Nf6 18. Rc7 Nd6 19. Bf3 Rac8 20. Rxc8 Rxc8 21. Rd1 Nf7 22. Bb7 Rb8 23. Bxa6 b4 24. Nd5 Ne4 25. f3 Nc5 26. Bc4 Ne5 27. Be2 Ra8 28. Nxb4 Ne6 29. Rd5 Nf7 30. Bc4 Rc8 31. b3 g6 32. Rd7 Re8 33. Nd5 Kg7 34. Nc7 1-0

[Event "Early-Titled-Tuesday-Blitz-April-23-2024"]
[Site "Chess.com"]
[Date "2024.04.23"]
[Round "4"]
[White "stasOR4ik"]
[Black "Sadykov_Ramil"]
[Result "0-1"]
[WhiteElo "2427"]
[BlackElo "2638"]
[TimeControl "180+1"]
[EndTime "8:38:19 PDT"]
[Termination "Sadykov_Ramil won by resignation"]

1. e4 d6 2. c4 g6 3. Nc3 Bg7 4. g3 c5 5. Bg2 Nc6 6. Nge2 e6 7. O-O Nge7 8. d3 O-O 9. a3 Rb8 10. Rb1 Nd4 11. b4 b6 12. Nxd4 cxd4 13. Ne2 f5 14.
exf5 gxf5 15. Nf4 e5 16. Nd5 Nxd5 17. Bxd5+ Kh8 18. Qh5 Bb7 19. Bxb7 Rxb7 20. f4 e4 21. Re1 Re7 22. Bb2 exd3 23. Qf3 d2 24. Red1 Qe8 25.
Qf2 Re2 26. Qf3 Qe3+ 27. Qxe3 dxe3 28. Bxg7+ Kxg7 29. Rf1 Rc8 30. c5 0-1

[Event "Early-Titled-Tuesday-Blitz-April-23-2024"]
[Site "Chess.com"]
[Date "2024.04.23"]
[Round "4"]
[White "alpope"]
[Black "EdmundPlayer"]
[Result "1-0"]
[WhiteElo "2509"]
[BlackElo "2277"]
[TimeControl "180+1"]
[EndTime "8:38:21 PDT"]
[Termination "alpope won on time"]

1. e4 d5 2. exd5 Qxd5 3. Nc3 Qa5 4. Bc4 Nf6 5. d3 c6 6. Bd2 Bg4 7. f3 Bf5 8. g4 Bg6 9. f4 e6 10. Qe2 Be7 11. Nd5 Qd8 12. Nxe7 Qxe7 13. O-O-O h5 14. g5 Nd5 15. Nf3 Nd7 16. Nh4 b5 17. Bxd5 cxd5 18.
Nxg6 fxg6 19. Rde1 Kf7 20. Bb4 Qe8 21. Rhf1 a5 22.
Bc3 b4 23. Bd4 Ra6 24. Kb1 a4 25. Qd2 Qb8 26. Rf3 Rc8 27. f5 gxf5 28. g6+ Kxg6 29. Rg1+ Kf7 30. Rxg7+ Ke8 31. Qg5 Qd6 32. Bf6 Nf8 33.
Re7+ 1-0

[Event "Early-Titled-Tuesday-Blitz-April-23-2024"]
[Site "Chess.com"]
[Date "2024.04.23"]
[Round "4"]
[White "LaPiToB"]
[Black "mokerslag"]
[Result "1-0"]
[WhiteElo "2298"]
[BlackElo "2489"]
[TimeControl "180+1"]
[EndTime "8:38:26 PDT"]
[Termination "LaPiToB won by resignation"]

1. c4 Nf6 2. Nc3 e6 3. e4 d5 4. e5 d4 5. exf6 dxc3 6. bxc3 Qxf6 7. d4 g6 8. Nf3 h6 9. Bd3 Bg7 10. O-O O-O 11. Be3 c5 12. Qd2 Kh7 13. Ne5 cxd4 14. cxd4 Nd7 15. f4 Rd8 16. Rf2 Nf8 17. Raf1 Bd7 18.
g4 Bc6 19. Nxc6 bxc6 20. f5 Qh4 21. fxg6+ fxg6 22. Rg2 e5 23. d5 cxd5 24. cxd5 Rd7 25. Be4 h5 26. h3 Rad8 27. Bg5 Bh6 28. Bxh4 Bxd2 29. Bxd8 Be3+ 30. Kh2 Rxd8 31. gxh5 Kh6 32. hxg6 1-0

[Event "Early-Titled-Tuesday-Blitz-April-23-2024"]
[Site "Chess.com"]
[Date "2024.04.23"]
[Round "4"]
[White "Flawless_Fighter"]
[Black "Golubovsky"]
[Result "1-0"]
[WhiteElo "2724"]
[BlackElo "2510"]
[TimeControl "180+1"]
[EndTime "8:38:31 PDT"]
[Termination "Flawless_Fighter won on time"]

1. Nf3 Nf6 2. g3 e6 3. d4 d5 4.
Bg2 Be7 5. O-O O-O 6. c4 dxc4 7.
Na3 a6 8. Nxc4 b5 9. Nfe5 Nd5 10. Na5 Qd6 11. Bf4 Qb6 12. Nb3 Bb7 13. Rc1 Nxf4 14. gxf4 Bxg2 15. Kxg2 Rd8 16. e3 f6 17. Nd3 Nd7 18. Qf3 e5 19. Rc6 Qa7 20. Rfc1 Bd6 21.
dxe5 fxe5 22. Qd5+ Kh8 23. fxe5 Nb6 24. Qf7 Rd7 25. Qe6 Re7 26. Qf5 1-0

[Event "Early-Titled-Tuesday-Blitz-April-23-2024"]
[Site "Chess.com"]
[Date "2024.04.23"]
[Round "4"]
[White "AlainBruxelles"]
[Black "komogro"]
[Result "0-1"]
[WhiteElo "2343"]
[BlackElo "2550"]
[TimeControl "180+1"]
[EndTime "8:38:31 PDT"]
[Termination "komogro won by resignation"]

1. e4 g6 2. d4 Bg7 3. Nf3 d6 4.
h3 Nc6 5. Be2 Nf6 6. Nc3 O-O 7.
O-O e5 8. Be3 exd4 9. Nxd4 Bd7 10. a4 Re8 11. a5 Nxe4 12. Nxe4 Rxe4 13. c3 Nxd4 14. cxd4 c6 15. a6 b6 16. Rc1 d5 17.
Qd2 Qe7 18. Bf3 Re6 19. Bg5 Bf6 20. Bf4 h5 21. g4 hxg4 22. Bxg4 Re4 23. Bg3 Bxg4 24.
hxg4 Rxd4 25. Qh6 Bg5 26. Qh3 Bxc1 27. Rxc1 c5 28. Bh4 Qe2 29. Bf6 Qxg4+ 30. Qxg4 Rxg4+ 0-1

[Event "Early-Titled-Tuesday-Blitz-April-23-2024"]
[Site "Chess.com"]
[Date "2024.04.23"]
[Round "4"]
[White "TacticalSam94"]
[Black "LLariMarc"]
[Result "0-1"]
[WhiteElo "2221"]
[BlackElo "2488"]
[TimeControl "180+1"]
[EndTime "8:38:31 PDT"]
[Termination "LLariMarc won by checkmate"]

1. e4 c6 2. Nf3 d5 3. exd5 cxd5 4. Ne5 Nc6 5. d4 a6 6. Nxc6 bxc6 7. Bd3 g6 8. O-O Bg7 9. c3 Nf6 10. Nd2 O-O 11.
Nf3 a5 12. Re1 Ba6 13. Ne5 Qc7 14. Bxa6 Rxa6 15. Nd3 e6 16. Bf4 Qc8 17. h3 Nd7 18.
Bd6 Re8 19. a4 Bf8 20. Bxf8 Kxf8 21. b4 axb4 22. cxb4 Nb6 23. a5 Nc4 24. Qc1 Qb8 25. Qh6+ Kg8 26. Nc5 Ra7 27. Rab1 Nd6 28. Qf4 Nb5 29.
Qxb8 Rxb8 30. Red1 Nc3 31. a6 Nxd1 32. Rxd1 Rxb4 33.
Kf1 Rb6 34. Ra1 Rb4 35. Rd1 Kf8 36. Ke2 Ke7 37. Ke3 Kd6 38. h4 Kc7 39. Kf4 f6 40.
Nxe6+ Kb6 41. Nc5 h5 42. g4 hxg4 43. Kxg4 Rb5 44. f4 Rxc5 45. dxc5+ Kxc5 46. f5 gxf5+ 47. Kxf5 Rxa6 48. h5 Ra8 49. h6 Kd6 50. Kxf6 c5 51. Kg7 d4 52. Rf1 Ke6 53. Rf8 Ra7+ 54. Kg6 c4 55. Rf6+ Ke5 56. Rf7 Ra6+ 57. Kg5 Rxh6 58. Kxh6 d3 59. Rd7 Ke4 60. Kg5 c3 61. Kg4 d2 62.
Re7+ Kd3 63. Rd7+ Ke2 64. Re7+ Kd1 65. Kf3 c2 66. Rh7 Kc1 67. Rh1+ d1=Q+ 68. Rxd1+ cxd1=Q+ 69. Kf4 Qe2 70. Kg5 Qf3 71. Kg6 Kd2 72. Kg7 Ke3 73.
Kg8 Qf6 74. Kh7 Qg5 75. Kh8 Kf4 76. Kh7 Kf5 77. Kh8 Kf6 78. Kh7 Qg7# 0-1

[Event "Early-Titled-Tuesday-Blitz-April-23-2024"]
[Site "Chess.com"]
[Date "2024.04.23"]
[Round "4"]
[White "Slovineanu"]
[Black "mapleaff"]
[Result "1-0"]
[WhiteElo "2502"]
[BlackElo "2260"]
[TimeControl "180+1"]
[EndTime "8:38:32 PDT"]
[Termination "Slovineanu won by resignation"]

1. d4 Nf6 2. Nf3 d5 3. c4 e6 4.
e3 Bb4+ 5. Nbd2 O-O 6. a3 Be7 7. b3 c5 8. Bd3 Nc6 9. Bb2 h6 10. O-O b6 11. Rc1 Ba6 12. Qe2 Rc8 13. Rfd1 Bb7 14. dxc5 bxc5 15. cxd5 exd5 16. Nh4 Qb6 17. Nf5 Rfe8 18. Qf3 Rcd8 19. Qg3 g6 20. Nxh6+ Kg7 21. Nxf7 Kxf7 22. Qxg6+ Ke6 23. Bf5+ Kd6 24. Bxf6 Bxf6 25. Nc4+ Ke7 26. Nxb6 axb6 27. Qh7+ Kd6 28. Qxb7 Re7 29.
Qxb6 Rb8 30. Qxc5+ 1-0

[Event "Early-Titled-Tuesday-Blitz-April-23-2024"]
[Site "Chess.com"]
[Date "2024.04.23"]
[Round "4"]
[White "ATM622"]
[Black "mary-sanna"]
[Result "1-0"]
[WhiteElo "2492"]
[BlackElo "2257"]
[TimeControl "180+1"]
[EndTime "8:38:33 PDT"]
[Termination "ATM622 won by resignation"]

1. d4 d5 2. c4 e6 3. Nf3 Nf6 4.
g3 dxc4 5. Bg2 Bd7 6. O-O Bc6 7. Nbd2 b5 8. a4 a6 9. Qc2 Bd6 10. e4 Be7 11. b3 cxb3 12. Qxb3 Nxe4 13. Nxe4 Bxe4 14.
axb5 axb5 15. Rxa8 Bxa8 16. Qxb5+ Bc6 17. Qb1 O-O 18.
Bf4 Nd7 19. Rc1 Qa8 20. Rxc6 Rb8 21. Qd3 Nf6 22. Ne5 Qa1+ 23. Rc1 Qb2 24. h4 Bd6 25. Rf1 h6 26. Nc4 Qb4 27. Nxd6 cxd6 28. Qd2 Qb3 29. Bxd6 Rd8 30. Be7 Rd7 31. Bxf6 gxf6 32. Qxh6 Qd5 33. Bxd5 1-0

[Event "Early-Titled-Tuesday-Blitz-April-23-2024"]
[Site "Chess.com"]
[Date "2024.04.23"]
[Round "4"]
[White "Daaksboy"]
[Black "sonicdravise"]
[Result "0-1"]
[WhiteElo "2397"]
[BlackElo "2612"]
[TimeControl "180+1"]
[EndTime "8:38:34 PDT"]
[Termination "sonicdravise won by checkmate"]

1. d4 Nf6 2. c4 c5 3. d5 e6 4.
Nc3 exd5 5. cxd5 d6 6. e4 g6 7. h3 Bg7 8. Nf3 a6 9. a4 Nbd7 10. Bd3 Nh5 11. O-O Ne5 12. Nxe5 Bxe5 13. g3 Bxh3 14. Re1 Nxg3 15. fxg3 Bxg3 16. Qf3 Bxe1 17. Qxh3 Qh4 18. Qg2 Bg3 19. Ne2 Be5 20. Bg5 Qh5 21.
Rb1 f6 22. Be3 O-O 23. b4 cxb4 24. Rxb4 b5 25. axb5 axb5 26. Rxb5 Ra1+ 27. Rb1 Rfa8 28. Rxa1 Rxa1+ 29. Bc1 Qh6 30. Qf1 Qh2# 0-1

[Event "Early-Titled-Tuesday-Blitz-April-23-2024"]
[Site "Chess.com"]
[Date "2024.04.23"]
[Round "4"]
[White "DumbKing75"]
[Black "GrotBchess"]
[Result "1-0"]
[WhiteElo "2643"]
[BlackElo "2464"]
[TimeControl "180+1"]
[EndTime "8:38:35 PDT"]
[Termination "DumbKing75 won by resignation"]

1. e4 c5 2. Nf3 e6 3. d3 Nc6 4. Nbd2 d6 5. g3 Nf6 6. Bg2 Be7 7. O-O a6 8. Re1 Qc7 9. a4 Rb8 10. Nf1 b5 11. axb5 axb5 12. Bf4 e5 13. Bg5 h6 14. Bxf6 Bxf6 15. Ne3 Be6 16. Nd5 Bxd5 17. exd5 Ne7 18. Nd2 g6 19. Ne4 Bg7 20. Ra6 Rd8 21. Qa1 O-O 22. Ra7 Qb6 23. Rxe7 Ra8 24. Qd1 Rfd8 25.
Qg4 Ra2 26. Rd7 Rxd7 27. Qxd7 Bf8 28. Bh3 Qa5 29. Rf1 Ra1 30. Nf6+ Kg7 31. Ne8+ Kg8 32. Be6 Qa7 33. Qxf7+ Qxf7 34. Rxa1 Qxe6 35. dxe6 1-0

[Event "Early-Titled-Tuesday-Blitz-April-23-2024"]
[Site "Chess.com"]
[Date "2024.04.23"]
[Round "4"]
[White "carokannlover213"]
[Black "whitemirrorninja"]
[Result "1-0"]
[WhiteElo "2792"]
[BlackElo "2450"]
[TimeControl "180+1"]
[EndTime "8:38:35 PDT"]
[Termination "carokannlover213 won by resignation"]

1. e4 c5 2. Nf3 a6 3. a3 b5 4. d4 cxd4 5. Nxd4 Bb7 6. Bd3 Nc6 7.
Nxc6 Bxc6 8. O-O g6 9. Qe2 Bg7 10. c4 bxc4 11. Bxc4 Nf6 12. e5 Nd5 13. Bxa6 O-O 14.
Bc4 Qb8 15. Re1 Rc8 16. Nc3 Nxc3 17. bxc3 Ra5 18. Bf4 Qa7 19. Be3 Qc7 20. Bf4 Qa7 21. Be3 Qa8 22. f4 Rxa3 23. Rxa3 Qxa3 24. Bd4 Qa8 25. f5 gxf5 26. Bxf7+ Kxf7 27. e6+ Kg8 28. Bxg7 Kxg7 29. exd7 Rf8 30. Qxe7+ Rf7 31. Qg5+ Kh8 32. d8=Q+ 1-0

[Event "Early-Titled-Tuesday-Blitz-April-23-2024"]
[Site "Chess.com"]
[Date "2024.04.23"]
[Round "4"]
[White "Fandorine"]
[Black "SlavenPastar"]
[Result "1-0"]
[WhiteElo "2907"]
[BlackElo "2624"]
[TimeControl "180+1"]
[EndTime "8:38:41 PDT"]
[Termination "Fandorine won by checkmate"]

1. d4 b6 2. e4 Bb7 3. Bd3 Nf6 4. Qe2 e6 5. Nf3 d5 6. e5 Ne4 7. O-O c5 8. c4 Be7 9. cxd5 exd5 10. Nc3 Nxc3 11.
bxc3 O-O 12. h4 Bc8 13. h5 Bg4 14. h6 g6 15. Qe3 Bxf3 16. Qxf3 Nc6 17. Be3 Qd7 18. Qe2 f5 19. exf6 Bxf6 20. dxc5 Bxc3 21. Rac1 d4 22. Bc4+ Kh8 23. Rxc3 dxe3 24. cxb6 Nd4 25. Qb2 exf2+ 26. Rxf2 Rxf2 27. Qxf2 axb6 28. Qf6+ Qg7 29.
Qxg7# 1-0

[Event "Early-Titled-Tuesday-Blitz-April-23-2024"]
[Site "Chess.com"]
[Date "2024.04.23"]
[Round "4"]
[White "YairParkhov"]
[Black "MFatigue"]
[Result "1-0"]
[WhiteElo "2738"]
[BlackElo "2554"]
[TimeControl "180+1"]
[EndTime "8:38:44 PDT"]
[Termination "YairParkhov won on time"]

1. e4 e6 2. d3 d5 3. Nd2 c5 4. Ngf3 Nc6 5. g3 Nge7 6. Bg2 g6 7. h4 h6 8. c3 Bg7 9. Qe2 b6 10. a3 O-O 11. Nf1 e5 12. h5 g5 13. Nxg5 hxg5 14. Bxg5 f6 15. h6 fxg5 16. hxg7 Kxg7 17. exd5 Nxd5 18.
Qh5 Rh8 19. Qxh8+ Qxh8 20. Rxh8 Kxh8 21. Bxd5 Bd7 22. Ne3 Rf8 23. Ke2 Kg7 24. Rh1 Ne7 25. Be4 Nf5 26. Nxf5+ Bxf5 27. Bxf5 Rxf5 28. Rh5 Kg6 29.
Rh8 Rf7 30. Rg8+ Kf6 31. Ra8 Rh7 32. Rf8+ Ke6 33. b4 cxb4 34. axb4 Rc7 35. c4 Rd7 36. Rg8 Kf6 37. Ke3 Kf5 38. Rf8+ Ke6 39. g4 Rd4 40. f3 Rd7 41. Rf5 Rg7 42. Ke4 Kd6 43. Rxe5 Rf7 44.
Rd5+ Kc6 45. b5+ Kb7 46. Rxg5 Re7+ 47. Re5 1-0

[Event "Early-Titled-Tuesday-Blitz-April-23-2024"]
[Site "Chess.com"]
[Date "2024.04.23"]
[Round "4"]
[White "ilqar_74"]
[Black "Fernando_Offermann"]
[Result "1/2-1/2"]
[WhiteElo "2748"]
[BlackElo "2452"]
[TimeControl "180+1"]
[EndTime "8:38:44 PDT"]
[Termination "Game drawn - insufficient material"]

1. e4 c5 2. Nf3 d6 3. d4 cxd4 4.
Nxd4 Nf6 5. Nc3 a6 6. a3 e6 7. g4 b5 8. g5 Nfd7 9. Be3 Bb7 10. Qd2 Nc6 11. Be2 Rc8 12. Nxc6 Bxc6 13. h4 Qc7 14. h5 Qb7 15. f3 a5 16. b3 b4 17. axb4 axb4 18.
Na4 d5 19. exd5 Bxd5 20. Kf2 Ne5 21. Nb6 Rd8 22. Nxd5 Rxd5 23. Qe1 Bc5 24. Bxc5 Rxc5 25. f4 Nd7 26. Bc4 Qc7 27. Qe3 O-O 28. Rad1 Nb6 29.
Bd3 Nd5 30. Qe5 Nxf4 31. Qxc7 Nxd3+ 32. cxd3 Rxc7 33. Ke3 Rc5 34. Rhg1 Rd8 35. g6 hxg6 36. hxg6 Rc3 37. gxf7+ Kxf7 38. Rdf1+ Kg8 39. Rd1 Rxb3 40. Rg6 Kf7 41. Rg4 e5 42. Rc4 Rd7 43. Ke4 Ke6 44.
Rc6+ Rd6 45. Rc5 Rd4+ 46. Ke3 Kd6 47. Ra5 Rh4 48. Ra7 e4 49. Rxg7 Rxd3+ 50. Rxd3+ exd3 51. Kxd3 Kc5 52. Rg5+ Kb6 53. Kc2 Ka6 54. Kb2 Re4 55. Rf5 Kb6 56. Rg5 Rc4 57. Rf5 Rc5 58. Rxc5 Kxc5 59. Kb3 Kb5 60. Kb2 Kc4 61. Kc2 b3+ 62. Kb2 Kb4 63. Kb1 Kc3 64. Kc1 Kc4 65. Kb2 Kb4 66.
Kb1 Kc3 67. Kc1 b2+ 68. Kb1 Kd4 69. Kc2 b1=Q+ 70. Kxb1 1/2-1/2

[Event "Early-Titled-Tuesday-Blitz-April-23-2024"]
[Site "Chess.com"]
[Date "2024.04.23"]
[Round "4"]
[White "ViIIagra"]
[Black "Susal_De_Silva"]
[Result "1-0"]
[WhiteElo "2933"]
[BlackElo "2689"]
[TimeControl "180+1"]
[EndTime "8:38:45 PDT"]
[Termination "ViIIagra won on time"]

1. g3 d5 2. Bg2 Nf6 3. d3 e5 4. Nf3 Nbd7 5. c4 c6 6. O-O Bd6 7. cxd5 cxd5 8. Nc3 d4 9. Nb5 Bb8 10. a4 O-O 11. Bd2 a6 12. Na3 Ra7 13. Rc1 b6 14. Nc4 Bb7 15. Bb4 Re8 16. Nd6 Bxd6 17. Bxd6 Bd5 18. Re1 Qa8 19. Qd2 e4 20. dxe4 Nxe4 21.
Qf4 g5 22. Nxg5 Nxd6 23. Qxd6 Bxg2 24. f3 f6 25. Ne6 Bh3 26. Nc7 Rxc7 27. Rxc7 Ne5 28.
Qxf6 Nxf3+ 29. Kf2 1-0

[Event "Early-Titled-Tuesday-Blitz-April-23-2024"]
[Site "Chess.com"]
[Date "2024.04.23"]
[Round "4"]
[White "2Coaches1Profile"]
[Black "Valio_M1948"]
[Result "1-0"]
[WhiteElo "2559"]
[BlackElo "2370"]
[TimeControl "180+1"]
[EndTime "8:38:51 PDT"]
[Termination "2Coaches1Profile won by resignation"]

1. d4 b6 2. e4 Bb7 3. Bd3 g6 4. Nf3 Bg7 5. O-O d6 6. a4 a6 7. c4 Nd7 8. a5 bxa5 9. Be3 Ngf6 10. Nc3 c5 11. dxc5 Nxc5 12. e5 Ng4 13. Bxc5 dxc5 14. e6 fxe6 15. Qa4+ Kf8 16. Be4 Rb8 17. Rfd1 Qe8 18.
Qxa5 Bxe4 19. Nxe4 Bxb2 20. Rab1 Qc6 21. Rd8+ Rxd8 22. Qxd8+ Kf7 23. Nfg5+ Kg7 24. Qxe7+ Kh6 25. Nf7+ 1-0